 Dungeon Crawl Stone Soup version 0.29.1-15-g9cfb28693d (webtiles) character file.

Game seed: 12222472755210738547

816 protoss039 the Trooper (level 7, 0/55 HPs)
             Began as a Demonspawn Earth Elementalist on Mar 12, 2023.
             Slain by an ice beast (2 damage)
             ... on level 5 of the Dungeon.
             The game lasted 00:07:00 (4879 turns).

protoss039 the Trooper (DsEE)                       Turns: 4879, Time: 00:07:01

Health: 0/55       AC: 15    Str:  8    XL:     7   Next: 62%
Magic:  8/13       EV: 10    Int: 19    God:
Gold:   248        SH:  0    Dex: 13    Spells: 8/14 levels left

rFire   . . .      SeeInvis +   e - +0 dagger (venom)
rCold   . . .      Faith    .   (no shield)
rNeg    . . .      Spirit   .   w - +4 ring mail
rPois   .          Reflect  .   r - +0 helmet
rElec   .          Harm     .   (no cloak)
rCorr   .          Rampage  .   l - +0 pair of gloves
Will    .....                   c - +0 pair of boots
Stlth   +.........              (no amulet)
HPRegen 0.18/turn               y - ring of see invisible
MPRegen 0.13/turn               (no ring)

@: no status effects
A: yellow scales 1, demonic magic 2
a: no special abilities


You were on level 5 of the Dungeon.
You visited 1 branch of the dungeon, and saw 5 of its levels.

You collected 248 gold pieces.

Inventory:

Hand Weapons
 e - a +0 dagger of venom (weapon)
 i - a +2 whip of flaming
 u - a +2 hand axe of freezing
Armour
 c - a +0 pair of boots (worn)
 l - a +0 pair of gloves (worn)
 r - a +0 helmet (worn)
 w - a +4 ring mail (worn)
 x - a +1 ring mail of cold resistance
Jewellery
 y - a ring of see invisible (left hand)
Wands
 C - a wand of flame (12)
Scrolls
 d - a scroll of vulnerability {unknown}
 f - 2 scrolls of fog
 j - a scroll of amnesia {unknown}
 k - 3 scrolls of teleportation
 n - a scroll of blinking {unknown}
 o - a scroll of silence {unknown}
 p - a scroll of enchant armour {unknown}
 s - a scroll of torment {unknown}
 t - a scroll of identify
Potions
 a - a potion of cancellation {unknown}
 b - 2 potions of magic
 g - a potion of berserk rage {unknown}
 h - a potion of might {unknown}
 m - 2 potions of ambrosia {unknown}
 q - 3 potions of lignification
 v - a potion of flight {unknown}
 z - 2 potions of curing {unknown}
 A - 2 potions of degeneration {unknown}
 B - a potion of haste {unknown}
 D - a potion of mutation {unknown}


   Skills:
 * Level 4.4 Fighting
 * Level 3.2 Armour
 - Level 1.7 Dodging
 - Level 1.7 Stealth
 + Level 4.0 Spellcasting
 + Level 2.3 Conjurations
 - Level 0.8 Transmutations
 + Level 4.3 Earth Magic


You had 8 spell levels left.
You knew the following spells:

 Your Spells              Type           Power      Damage    Failure   Level
a - Sandblast             Erth           40%        2d10      7%          1
b - Passwall              Tmut/Erth      10%        N/A       21%         2
c - Stone Arrow           Conj/Erth      32%        3d9       30%         3

Your spell library contained the following spells:

 Spells                   Type           Power      Damage    Failure   Level
 Petrify                  Tmut/Erth      13%        N/A       80%         4


Dungeon Overview and Level Annotations

Branches:
Dungeon (5/15) Zot: 25071
 Temple: D:4-7

Altars:
Gozag
Makhleb
Vehumet

Shops:
D:1 =   D:3 :


Innate Abilities, Weirdness & Mutations

You are partially covered in yellow scales. (AC +2)
Spells you cast may paralyse nearby enemies.


Message History

Malevolent energies surge around you.
The ice beast suddenly stops moving!
The scorpion suddenly stops moving!
The iguana suddenly stops moving!
The orc wizard suddenly stops moving!
The ogre suddenly stops moving!
The ufetubus closely misses you.
The ufetubus hits you but does no damage.
The centaur barely misses you.
The centaur kicks you but does no damage.
The bullfrog closely misses you. The ufetubus completely misses you.
The ufetubus hits you but does no damage.
The centaur hits you but does no damage.
The centaur closely misses you. The bullfrog barely misses you.
The ufetubus barely misses you. The ufetubus closely misses you.
Unknown command.
Unknown command.
The helpless orc wizard fails to defend itself.
You hit the orc wizard.
You kill the orc wizard!
The ufetubus dissolves into shadows!
The iguana dissolves into shadows!
The bullfrog dissolves into shadows!
The scorpion dissolves into shadows!
The ice beast is no longer paralysed.
The centaur misses you. x2
The ice beast hits you. The ice beast freezes you.
Your Spellcasting skill increases to level 4!
Unknown command.
Unknown command.
You hit the centaur but do no damage.
The centaur looks as sick as possible!
The centaur is severely wounded.
The ogre is no longer paralysed.
The centaur misses you.
The centaur kicks you but does no damage.
The ice beast hits you but does no damage.
The centaur hits you but does no damage.
The centaur kicks you but does no damage.
Unknown command.
The ogre attacks as you move away!
The ogre hits you with a +0 giant spiked club!
* * * LOW HITPOINT WARNING * * *
The centaur wields a +0 shortbow.
The centaur shoots an arrow.
The arrow hits you!
* * * LOW HITPOINT WARNING * * *
The ice beast hits you.
You die...

#####.#.# #.#.#
#.#.###### #.#......#
..#..###.#
#####..###.####
...#..........
##########.##.#.......
###..c)@................
#....O)Y).......#.#.##.#
###...###..#..#.#.#.##.#
....... #[)#..#.#....#.#
#.####. #..#..#.#..[....
# #. #..#..#.#.#..#.# ..
#..#..#.#.#..#.# ..
#.....#.#.#..#.# ..
......#.#.#..#.#


You could see an ice beast, an ogre and a centaur (extremely poisoned).

Vanquished Creatures
  Prince Ribbit (D:5)
  A centaur (D:5)
  2 scorpions
  A howler monkey (D:5)
  A hound (D:5)
  A jelly (D:3)
  3 orc priests (D:5)
  3 iguanas
  3 orc wizards (D:5)
  A gnoll (D:1)
  3 worms
  6 dart slugs
  11 orcs
  5 endoplasms
  2 giant cockroaches
  2 goblins
  8 hobgoblins
  3 jackals (D:1)
  9 kobolds
  4 quokkas
  6 ball pythons
  4 bats
  2 frilled lizards
  4 rats
86 creatures vanquished.

Notes
Turn   | Place    | Note
-------+----------+-------------------------------------------
     0 | D:1      | protoss039 the Demonspawn Earth Elementalist began the
                  | quest for the Orb.
     0 | D:1      | Reached XP level 1. HP: 13/13 MP: 3/3
   403 | D:1      | Gained mutation: You are partially covered in yellow
                  | scales. (AC +2) [demonic ancestry]
   403 | D:1      | Reached XP level 2. HP: 20/20 MP: 3/5
   493 | D:1      | Found Joukacw's Jewellery Emporium.
   591 | D:1      | Reached skill level 1 in Fighting
   805 | D:1      | Found a faded altar of an unknown god.
  1254 | D:1      | Learned a level 2 spell: Passwall
  1333 | D:1      | Gained mutation: Spells you cast may paralyse adjacent
                  | enemies. [demonic ancestry]
  1333 | D:1      | Reached XP level 3. HP: 26/26 MP: 6/6
  2166 | D:2      | Learned a level 3 spell: Stone Arrow
  2220 | D:3      | Noticed a scorpion
  2228 | D:3      | Killed a scorpion
  2229 | D:3      | Reached XP level 4. HP: 29/34 MP: 4/8
  2670 | D:3      | Reached XP level 5. HP: 10/39 MP: 7/9
  2908 | D:3      | Found an opulent altar of Gozag.
  3107 | D:3      | Found Lablyge's Book Emporium.
  3425 | D:4      | Found a burning altar of Makhleb.
  3655 | D:4      | Reached skill level 1 in Armour
  3899 | D:4      | Reached skill level 1 in Conjurations
  4066 | D:5      | Entered Level 5 of the Dungeon
  4155 | D:5      | Gained mutation: Spells you cast may paralyse nearby
                  | enemies. [demonic ancestry]
  4155 | D:5      | Reached XP level 6. HP: 47/47 MP: 8/11
  4646 | D:5      | Found a radiant altar of Vehumet.
  4702 | D:5      | Reached XP level 7. HP: 53/53 MP: 9/12
  4758 | D:5      | Noticed Prince Ribbit
  4766 | D:5      | Killed Prince Ribbit
  4879 | D:5      | HP: 2/55 [centaur/arrow (9)]
  4879 | D:5      | Slain by an ice beast

Illustrated notes

Levels and vault maps discovered:
D:1:      heliophobic_arrival_battle_scene, layout_basic, serial_shops,
          nicolae_shop_waterfront, serial_forest, infiniplex_forest_straight_4,
          infiniplex_forest_lined_3_way, infiniplex_forest_lined_corner,
          infiniplex_forest_end_3, infiniplex_forest_straight_4,
          infiniplex_forest_lined_ring, chequers_ecumenical_altar_twisty,
          wad_floor_pattern_1
D:2:      layout_rooms, hangedman_decor_opposing
D:3:      layout_basic, mainiacjoe_overflow_alcove_1, serial_shops,
          nicolae_shop_behind_doors
D:4:      layout_basic, mainiacjoe_overflow_chevrons
D:5:      layout_basic, fiery_altar_vehumet, lightli_corner_chamber,
          uniq_prince_ribbit1

Skill      XL: |  1  2  3  4  5  6  7 |
---------------+----------------------+-----
Fighting       | 1 2 3 4 |  4.4
Earth Magic    | 3 4 |  4.3
Spellcasting   | 3 4 |  4.0
Armour         | 1 2 3 |  3.2
Conjurations   | 1 2 |  2.3
Dodging        | |  1.7
Stealth        | |  1.7
Transmutations | |  0.8

Action                   |  1- 3 |  4- 6 |  7- 9 || total
-------------------------+-------+-------+-------++-------
Melee: Short sword       |     5 |       |       ||     5
       Dagger            |    75 |    95 |    19 ||   189
       Punch             |     1 |       |       ||     1
 Cast: Sandblast         |    22 |    61 |    10 ||    93
  Use: Scroll            |       |     3 |       ||     3
 Stab: Paralysed         |     2 |    27 |     9 ||    38
Armor: Robe              |     3 |       |       ||     3
       Leather armour    |    41 |     1 |       ||    42
       Ring mail         |       |    59 |    52 ||   111
Dodge: Dodged            |    58 |    49 |    53 ||   160
